 Dungeon Crawl Stone Soup version 0.31-a0-1589-g8f5e8aebd6 (webtiles) character file.

Game seed: 12753134611016715814

53 croobank the Ruffian (level 3, -1/29 HPs)
             Began as a Demigod Shapeshifter on Jan 5, 2024.
             Slain by a hobgoblin (5 damage)
             ... led by Robin
             ... on level 3 of the Dungeon.
             The game lasted 00:12:20 (1927 turns).

croobank the Ruffian (Demigod Shapeshifter)         Turns: 1927, Time: 00:12:20

Health: -1/29      AC:  3    Str: 21    XL:     3   Next: 41%
Magic:  5/5        EV: 12    Int: 16    God:
Gold:   98         SH:  0    Dex: 13    Spells: 2/2 levels left

rFire   . . .        i - +3 dagger
rCold   . . .        (no shield)
rNeg    . . .        q - +0 leather armour
rPois   .            (helmet currently unavailable)
rElec   .            f - melded +0 cloak
rCorr   .            (gloves currently unavailable)
SInv    .            k - melded +0 pair of boots
Will    .....        (no amulet)
Stlth   +            j - +6 ring of strength
HPRegen 0.24/turn    (no ring)
MPRegen 0.09/turn

%: no passive effects
@: beast-form
A: beast (slay +1), high MP 1, forlorn, divine attributes
a: Begin Untransformation


You were on level 3 of the Dungeon.
You were a hulking beast.
You visited 1 branch of the dungeon, and saw 3 of its levels.

You collected 98 gold pieces.

Inventory:

Hand Weapons
 i - a +3 dagger (weapon)
Armour
 f - a +0 cloak (melded)
 k - a +0 pair of boots (melded)
 q - a +0 leather armour (worn)
Magical Staves
 a - a staff of fire
Jewellery
 j - a +6 ring of strength (left hand)
Talismans
 c - a beast talisman (active)
 d - a flux talisman
Scrolls
 b - a scroll of enchant armour
 g - a scroll of immolation {unknown}
 l - a scroll of amnesia {unknown}
 m - a scroll of enchant weapon {unknown}
Potions
 h - 3 potions of curing
 n - a potion of degeneration
 o - a potion of attraction
 p - a potion of mutation


   Skills:
 + Level 1.7 Fighting
 + Level 2.3 Dodging
 + Level 3.1 Unarmed Combat
 + Level 3.0 Shapeshifting


You had 2 spell levels left.
You didn't know any spells.
Your spell library contained the following spells:

 Spells                   Type           Power      Damage    Failure   Level
 Apportation              Tloc           0%         N/A       28%         1
 Necrotise                Necr           0%         1d4       28%         1
 Sting                    Conj/Alch      0%         1d3       28%         1
 Summon Small Mammal      Summ           0%         N/A       28%         1


Dungeon Overview and Level Annotations

Branches:
Dungeon (3/15)

Annotations:
D:3 Robin


Innate Abilities, Weirdness & Mutations

You are a hulking beast.
Your limbs bulge with bestial killing power. (Slay +1)
You have an increased reservoir of magic. (+10% MP)
You shall have no god before yourself.
Your divine heritage dramatically boosts your attributes as you level up.


Message History

The hobgoblin hits you. The goblin closely misses you.
As you read the scroll of identify, it crumbles to dust.
p - a potion of mutation Robin roars a battlecry!
The goblins go into a battle-frenzy!
The hobgoblin barely misses you. The goblin completely misses you.
As you read the scroll of identify, it crumbles to dust.
b - a scroll of enchant armour A quokka comes into view.
The hobgoblin barely misses you. The goblin closely misses you.
You hit the goblin.
The goblin is moderately wounded.
The hobgoblin barely misses you. The goblin completely misses you.
You hit the goblin but do no damage.
The goblin is moderately wounded.
The hobgoblin hits you. The goblin misses you.
You hit the goblin.
You kill the goblin!
The hobgoblin hits you. Robin throws the goblin at you! The goblin misses you.
The hobgoblin attacks as it pursues you!
The hobgoblin misses you.
Things that are here:
a +0 club; a goblin corpse You barely miss the goblin.
The goblin hits you but does no damage. The hobgoblin barely misses you.
You puncture the goblin!
You kill the goblin!
Robin throws the goblin at you! The goblin closely misses you.
The hobgoblin hits you.
You hit the goblin.
The goblin is moderately wounded.
The goblin hits you with a +0 dagger. The hobgoblin hits you.
* * * LOW HITPOINT WARNING * * *
You miss the goblin.
The goblin is moderately wounded.
The goblin hits you with a +0 dagger.
* * * LOW HITPOINT WARNING * * *
The hobgoblin hits you.
You die... ###.....# ### #....... #########.#####...... ..............+.g... #.....###.#####gggg #............# ggr

#......#####.# #g#
.......#####.# #g#
#........#...# #h# #...
#.....##.#.### #g#####
#..# #.....##.#...#
#.....#### #..#
#.....##.###.######.....#
#..#
###.####.###.#....'.....#
#..#
#..#.......#.####.....#
#..# ##.'.......#.#
#..[..# #..#
#####.........# #.....#
##..# #......###.####
#.....###...#


You could see Robin, a quokka, 4 hobgoblins and 4 goblins.

Vanquished Creatures
  An adder (D:2)
  A dart slug (D:2)
  4 bats
  3 endoplasms
  3 giant cockroaches
  6 goblins
  7 hobgoblins
  A jackal (D:2)
  3 ball pythons (D:1)
  4 kobolds
  3 rats
36 creatures vanquished.

Notes
Turn   | Place    | Note
-------+----------+-------------------------------------------
     0 | D:1      | croobank the Demigod Shapeshifter began the quest for the
                  | Orb.
     0 | D:1      | Reached XP level 1. HP: 15/15 MP: 3/3
    50 | D:1      | Reached skill level 1 in Fighting
   271 | D:1      | Reached XP level 2. HP: 23/23 MP: 4/4
   952 | D:2      | Reached XP level 3. HP: 28/28 MP: 5/5
  1198 | D:2      | HP: 1/28 [frozen (4)]
  1332 | D:2      | Upgraded the game from 0.31-a0-1576-ga3383bade6 to
                  | 0.31-a0-1589-g8f5e8aebd6
  1915 | D:3      | Noticed Robin
  1927 | D:3      | Slain by a hobgoblin

Illustrated notes

Levels and vault maps discovered:
D:1:      dpeg_arrival_long_road, layout_loops_ring, bh_walls_and_bars
D:2:      layout_loops_ring, ebering_ecumenical_altar_ruins, st_stairs_5,
          minmay_pentomino_w4
D:3:      layout_basic, uniq_robin

Skill      XL: |  1  2 |
---------------+-------+-----
Fighting       | 1 |  1.7
Dodging        | 2 |  2.3
Unarmed Combat | 3 |  3.1
Shapeshifting  | 3 |  3.0

Action                     || total
---------------------------++-------
  Melee: Unarmed           ||    32
         Dagger            ||    83
         Punch             ||     5
    Use: Scroll            ||     4
         Potion            ||     3
 Armour: Animal skin       ||    45
         Leather armour    ||    10
         Skin              ||     3
  Dodge: Dodged            ||    81
   Form: Beast             ||     3
                           ||     2

Table legend: (Time is in decaauts)
 A = Elapsed time spent in this place.
 B = Non-inter-level travel time spent in this place.
 C = Inter-level travel time spent in this place.
 D = Time resting spent in this place.
 E = Time spent auto-exploring this place.
 F = Levels seen in this place.
 G = Mean time per level.
                   A        B        C        D        E       F      G
               +--------+--------+--------+--------+--------+-----+--------+
         Total |   1923 |   1887 |     36 |    180 |   1337 |   3 |  641.0 |
       Dungeon |   1923 |   1887 |     36 |    180 |   1337 |   3 |  641.0 |
               +--------+--------+--------+--------+--------+-----+--------+

Top non-repeatable levels by time:
     D:2: 1003 daAuts
     D:1: 716 daAuts
     D:3: 204 daAuts
